[Event "IV Elllobregat Open Chess Tmnt"]
[Site "Sant Boi de Llobregat, Spain"]
[Date "2023.12.03"]
[Round "4.8"]
[White "Sethuraman, S.P."]
[Black "Khademalsharieh, Sarasadat"]
[Result "0-1"]
[TimeControl "90min/40moves + 15min/end + 30sec from move 1"]
[WhiteFideId "5021596"]
[BlackFideId "12512214"]
[WhiteElo "2603"]
[BlackElo "2481"]

1. c4 e6 2. Nc3 d5 3. d4 Bb4 4. cxd5 exd5 5. Bf4 Nf6 6. e3 O-O 7. Bd3 c5 8. Nge2 cxd4 9. Nxd4 Nc6 10.
Nxc6 Bxc3+ 11. bxc3 bxc6 12. Qa4 c5 13. O-O Bd7 14. Qa3 c4 15. Bc2 Qc8 16. Rab1 Bf5 17. Bxf5 Qxf5 18. Rb7 Qd3 19.
Be5 Ng4 20. Bg3 Rfe8 21. Qc1 Nf6 22. Rd1 Qf5 23. Qb2 h5 24. Rd4 a6 25. Rf4 Qd3 26. Rd4 Qf5 27. Rf4 Qd3 28. Rd4 Qf5 29.
Bf4 Ne4 30. Qc2 g5 31. f3 gxf4 32. fxe4 Rxe4 33. Rd1 fxe3 34. Rf1 Qg6 35. Qe2 f5 36. Rd7 Qg4 37. Rf3 f4 38. Rxd5 Rb8 39.
h3 Qg6 40. h4 Rb5 41. Rd8+ Kg7 42. Rd7+ Kh6 43. Rf1 Qg4 44. Qc2 Rbe5 45. Qd1 Re6 46. Re1 Rg6 47. Qxg4 hxg4 48. Rf7 Rd6 49.
Rb1 Kh5 50. Rh7+ Kg6 51. Rbb7 e2 52. Rbg7+ Kf5 53. Rg5+ Ke6 54. Rh6+ Kd7 55. Rg7+ Kc6 0-1

[Event "IV Elllobregat Open Chess Tmnt"]
[Site "Sant Boi de Llobregat, Spain"]
[Date "2023.12.03"]
[Round "4.9"]
[White "Aditya, Mittal"]
[Black "Stoyanov, Tsvetan"]
[Result "1-0"]
[TimeControl "90min/40moves + 15min/end + 30sec from move 1"]
[WhiteFideId "35042025"]
[BlackFideId "2917173"]
[WhiteElo "2577"]
[BlackElo "2458"]

1. d4 d5 2. c4 dxc4 3. e4 e5 4. Nf3 Bb4+ 5.
Nc3 exd4 6. Nxd4 Nd7 7. Bxc4 Ngf6 8. O-O O-O 9. f3 Ne5 10. Be2 Qe7 11. Bg5 Bxc3 12. bxc3 c5 13. Nb3 Ng6 14.
Qc2 b6 15. Rfe1 Bb7 16. Bf1 Qe5 17. Be3 h5 18. Nd2 h4 19. Nc4 Qe6 20. Rad1 Rfd8 21. Bg5 Ba6 22. Qb3 Rxd1 23. Rxd1 h3 24.
g3 Nxe4 25. fxe4 Qg4 26. Bc1 Bxc4 27. Bxc4 Ne5 28. Rf1 Nf3+ 29. Kh1 Nd2 30. Bxf7+ Kh7 31. Rf4 Qxf4 32. gxf4 Nxb3 33. Bxb3 c4 34. Bc2 b5 35. e5+ g6 36.
Kg1 a5 37. Kf2 b4 38. Ke3 Rb8 39. Ba4 Kg7 40. Bb2 Kf8 41. Bd7 Ke7 42. e6 Ra8 43. a3 b3 44. a4 Ra6 45. Kd4 Rd6+ 46.
Kxc4 Rd2 47. Ba3+ Kd8 48. Bb5 1-0

[Event "IV Elllobregat Open Chess Tmnt"]
[Site "Sant Boi de Llobregat, Spain"]
[Date "2023.12.03"]
[Round "4.10"]
[White "Asadli, Vugar"]
[Black "Koelle, Tobias"]
[Result "1/2-1/2"]
[TimeControl "90min/40moves + 15min/end + 30sec from move 1"]
[WhiteFideId "13405764"]
[BlackFideId "16207378"]
[WhiteElo "2562"]
[BlackElo "2453"]

1. e4 c5 2. Nf3 Nc6 3. d4 cxd4 4. Nxd4 Nf6 5. Nc3 e5 6. Ndb5 d6 7. Nd5 Nxd5 8. exd5 Nb8 9. Qf3 a6 10.
Qa3 Be7 11. Bg5 f6 12. Bd2 O-O 13. Bb4 Qd7 14. O-O-O Rd8 15. Rg1 b6 16. Bd2 Qb7 17. Nc3 b5 18. Ne4 Bf5 19. Bd3 Bg6 20.
Ba5 Rc8 21. Nxd6 Bxd3 22. Rxd3 Qd7 23. Bb4 a5 24. Nxc8 Bxb4 25. Qb3 Qxc8 26. d6+ Kf8 27. a3 Bc5 28. Qxb5 Bxf2 29. Rc3 Qa6 30.
Qxa6 1/2-1/2

[Event "IV Elllobregat Open Chess Tmnt"]
[Site "Sant Boi de Llobregat, Spain"]
[Date "2023.12.03"]
[Round "4.11"]
[White "Raja, Rithvik R"]
[Black "Jacobson, Brandon"]
[Result "0-1"]
[TimeControl "90min/40moves + 15min/end + 30sec from move 1"]
[WhiteFideId "35007394"]
[BlackFideId "30901561"]
[WhiteElo "2495"]
[BlackElo "2538"]

1. d4 Nf6 2. c4 e6 3. Nf3 d5 4. Nc3 Nbd7 5. Bf4 Bb4 6. cxd5 exd5 7. e3 Ne4 8. Qc2 g5 9. Be5 Nxe5 10.
Nxe5 c6 11. Bd3 f6 12. Nf3 Qe7 13. O-O Bf5 14. Rfe1 Bg6 15. a3 Bd6 16. Nd2 f5 17. f3 Nxd2 18. Qxd2 O-O-O 19. Qc2 Rhf8 20.
e4 dxe4 21. fxe4 Bc7 22. exf5 Qd6 23. g3 Qxd4+ 24. Kh1 Bh5 25. Be2 Qf2 26. Qe4 Rfe8 27. Qg2 Qxg2+ 28. Kxg2 Rd2 29. Kf1 Bf7 30.
Rab1 Bb6 31. Red1 Rc2 32. Rdc1 Bb3 33. Ke1 Bd4 34. Kf1 Rd2 35. Re1 Bc2 0-1

[Event "IV Elllobregat Open Chess Tmnt"]
[Site "Sant Boi de Llobregat, Spain"]
[Date "2023.12.03"]
[Round "4.12"]
[White "Alsina Leal, Daniel"]
[Black "Rozen, Eytan"]
[Result "1/2-1/2"]
[TimeControl "90min/40moves + 15min/end + 30sec from move 1"]
[WhiteFideId "2252627"]
[BlackFideId "2816750"]
[WhiteElo "2533"]
[BlackElo "2451"]

1. e4 c6 2. d4 d5 3. exd5 cxd5 4. c4 Nf6 5. Nc3 Nc6 6. Nf3 a6 7. c5 Bg4 8. Be2 g6 9. O-O Bg7 10.
Be3 e6 11. b4 Ne4 12. Nxe4 dxe4 13. Nd2 Bxe2 14. Qxe2 Nxd4 15. Bxd4 Qxd4 16. Nxe4 O-O 17. Rab1 Qe5 18. Qf3 Qc7 19.
Rfd1 Be5 20. h4 Qe7 21. g3 Rad8 22. Rxd8 Rxd8 23. Rd1 Rd5 24. Rxd5 exd5 25. Nd2 Bd4 26. Kf1 Qe6 27. Nb3 Be5 28.
Qe3 Qh3+ 29. Ke1 Bf6 30. Qf3 Qe6+ 31. Kf1 Kg7 32. Na5 Qd7 33. Kg2 h5 34. Qf4 d4 35. Qd6 Qf5 36. Qf4 Qd7 37. Qd6 Qf5 38. Qf4 Qd7 1/2-1/2

[Event "IV Elllobregat Open Chess Tmnt"]
[Site "Sant Boi de Llobregat, Spain"]
[Date "2023.12.03"]
[Round "4.13"]
[White "Zwirs, Nico"]
[Black "Lamard, Guillaume"]
[Result "1/2-1/2"]
[TimeControl "90min/40moves + 15min/end + 30sec from move 1"]
[WhiteFideId "1036432"]
[BlackFideId "600261"]
[WhiteElo "2458"]
[BlackElo "2514"]

1. e4 e5 2. Nf3 Nc6 3. Bc4 Nf6 4.
d3 Bc5 5. O-O d6 6. c3 a5 7. Bb3 O-O 8. h3 Be6 9.
Ba4 Ba7 10. Re1 Ne7 11. Nbd2 Ng6 12. Nf1 Nh5 13. d4 Nhf4 14. Be3 Qc8 15. Ng5 Bc4 16. dxe5 h6 17. Bxa7 hxg5 18. Be3 Nxe5 19. Nd2 Be6 20.
Bxf4 gxf4 21. Nf3 Bxh3 22. Nxe5 dxe5 23. Qh5 Bg4 24. Qxe5 f3 25. gxf3 Bxf3 26. Qg3 Qg4 27. Qxg4 Bxg4 28.
Bd1 1/2-1/2

[Event "IV Elllobregat Open Chess Tmnt"]
[Site "Sant Boi de Llobregat, Spain"]
[Date "2023.12.03"]
[Round "4.14"]
[White "Omonov, Asrorjon"]
[Black "Erdogmus, Yagiz Kaan"]
[Result "0-1"]
[TimeControl "90min/40moves + 15min/end + 30sec from move 1"]
[WhiteFideId "14212552"]
[BlackFideId "44599790"]
[WhiteElo "2224"]
[BlackElo "2496"]

1. d4 Nf6 2. c4 g6 3. Nc3 d5 4. Nf3 Bg7 5. Bg5 Ne4 6. cxd5 Nxg5 7. Nxg5 e6 8. Qd2 exd5 9. Qe3+ Kf8 10.
Qf4 Bf6 11. h4 Kg7 12. e4 dxe4 13. O-O-O Qd6 14. Qxd6 cxd6 15. Ngxe4 Nc6 16. Nxf6 Kxf6 17. h5 h6 18. hxg6 fxg6 19. Bd3 Kg7 20. Rhe1 Rf8 21. f3 a6 22. Be4 Bf5 23. Bd5 h5 24.
Ne4 Rac8 25. Kd2 Nxd4 26. Rc1 Nc6 27. Ng5 Rc7 28. f4 Bc8 29. g3 Rf5 30. Be6 Rc5 31. Bxc8 Rd5+ 32. Ke3 Rxc8 33. Red1 Re8+ 34. Kf3 Rd4 35. Kf2 Re7 36. Nf3 Rxd1 37.
Rxd1 Rd7 38. Ke3 Kf6 39. Nd4 Ne7 40. Rc1 Nd5+ 41. Ke4 Rc7 42.
Rg1 Nb4 43. g4 hxg4 44. Rxg4 d5+ 45. Kf3 Rc4 46. Ne2 Nxa2 47. Rh4 Rb4 48. Rh8 Rxb2 49. Rd8 Ke7 50. Rg8 Rb6 51. Rg7+ Kf8 52.
Rd7 Nb4 53. Kg4 a5 54. Nc3 Ke8 55.
Rg7 d4 56. Ne4 d3 57. Kf3 a4 58. Nc3 a3 59. Rg8+ Kf7 60. Ra8 Ra6 61. Rb8 Ra7 62. Ke3 Nd5+ 63. Nxd5 a2 0-1

[Event "IV Elllobregat Open Chess Tmnt"]
[Site "Sant Boi de Llobregat, Spain"]
[Date "2023.12.03"]
[Round "4.15"]
[White "Shirov, Alexei"]
[Black "Nazari, Arad"]
[Result "1-0"]
[TimeControl "90min/40moves + 15min/end + 30sec from move 1"]
[WhiteFideId "2209390"]
[BlackFideId "12577324"]
[WhiteElo "2668"]
[BlackElo "2363"]

1. e4 e6 2. d4 d5 3. e5 c5 4. c3 Nc6 5. Nf3 Bd7 6. Be2 f6 7. O-O fxe5 8. Nxe5 Nxe5 9. dxe5 Qc7 10.
c4 Qxe5 11. Bh5+ g6 12. Bf3 O-O-O 13. Re1 Qf5 14. Nc3 dxc4 15. Qe2 Nf6 16. Qxc4 Nd5 17. Bg4 Qf6 18. Ne4 Qd4 19. Qxd4 cxd4 20.
Bg5 Re8 21. Nf6 Nxf6 22. Bxf6 Rg8 23. Rac1+ Kb8 24. Be5+ Ka8 25. Rc7 Bc6 26. Rc1 Rd8 27. R1xc6 bxc6 28. Bf3 Rd5 29. Rc8+ Kb7 30.
Rb8+ Ka6 31. Bxd5 exd5 32. Bxd4 Bc5 33. Rxg8 Bxd4 34. b3 Kb5 35. Rb8+ Bb6 36. Kf1 Kb4 37. f4 Kc3 38. Ke2 Kc2 39.
Rb7 d4 40. Rd7 h5 41. b4 Kc3 42. Rd6 1-0

[Event "IV Elllobregat Open Chess Tmnt"]
[Site "Sant Boi de Llobregat, Spain"]
[Date "2023.12.03"]
[Round "4.16"]
[White "Vallejo Pons, Francisco"]
[Black "Stribuk, Artiom"]
[Result "1-0"]
[TimeControl "90min/40moves + 15min/end + 30sec from move 1"]
[WhiteFideId "2205530"]
[BlackFideId "13515659"]
[WhiteElo "2668"]
[BlackElo "2420"]

1. e4 c5 2. Nf3 d6 3. d4 cxd4 4. Nxd4 Nf6 5. Nc3 Nc6 6. Bc4 Qb6 7. Nb3 e6 8. Bf4 Ne5 9. Be2 a6 10.
g4 h5 11. g5 Nfg4 12. Rf1 Bd7 13. h3 Ng6 14. Bc1 N4e5 15. f4 Nh4 16. Rf2 Nc6 17. Bxh5 g6 18. Bg4 Rc8 19. Qe2 Bg7 20.
Be3 Qb4 21. e5 Ne7 22. O-O-O Nef5 23. Bd2 Qb6 24. Ne4 Bb5 25. Qe1 d5 26. Ba5 Qc6 27. Nf6+ Bxf6 28. gxf6 Ba4 29. Kb1 Bxb3 30.
axb3 O-O 31. Rd3 d4 32. Bxf5 Nxf5 33. h4 Ne3 34. h5 Qe4 35. hxg6 Rxc2 36. Rxe3 dxe3 37. Rxc2 Rc8 38. Bc3 fxg6 39.
Qd1 1-0

[Event "IV Elllobregat Open Chess Tmnt"]
[Site "Sant Boi de Llobregat, Spain"]
[Date "2023.12.03"]
[Round "4.17"]
[White "Saydaliev, Saidakbar"]
[Black "Puranik, Abhimanyu"]
[Result "1/2-1/2"]
[TimeControl "90min/40moves + 15min/end + 30sec from move 1"]
[WhiteFideId "14203693"]
[BlackFideId "5061245"]
[WhiteElo "2426"]
[BlackElo "2627"]

1. d4 Nf6 2. c4 c5 3. d5 e6 4. Nc3 exd5 5. cxd5 d6 6. Nf3 g6 7. Nd2 Nbd7 8. a4 Bg7 9. Nc4 Nb6 10. Na3 O-O 11. a5 Nbd7 12. Nc4 Ng4 13. Bf4 Nde5 14. e3 f5 15. h3 Nxc4 16. Bxc4 Ne5 17. Be2 Qe7 18. O-O g5 19. Bxe5 Qxe5 20. a6 Rb8 21. Nb5 bxa6 22. Nxa7 Rxb2 23. Nxc8 Rxc8 24. Rxa6 f4 25. Bg4 Rf8 26. e4 Qxe4 27. Rxd6 Bd4 28. Bf3 Qe8 29. Qd3 Rxf2 30. Kh2 Qe3 31. Qd1 Rxf1 32. Qxf1 Re8 33. Rd7 Qb3 34. Rc7 Qb6 35. d6 Qxd6 36. Qc4+ Kh8 37. Rxh7+ Kxh7 38. Qf7+ Kh6 39.
Qxe8 Kg7 40. Qh5 Bf6 41. Qg4 Kf8 42. Qc8+ Ke7 43. Qb7+ Kf8 44. Qc8+ Bd8 45. Qf5+ Kg7 46. Qd5 Qf8 47. Qe5+ Bf6 48. Qc7+ Be7 49. Qe5+ Kh6 50. Qe6+ Bf6 51. Be4 f3 52. gxf3 Qe7 1/2-1/2

[Event "IV Elllobregat Open Chess Tmnt"]
[Site "Sant Boi de Llobregat, Spain"]
[Date "2023.12.03"]
[Round "4.18"]
[White "Bronstein, Or"]
[Black "Sanal, Vahap"]
[Result "0-1"]
[TimeControl "90min/40moves + 15min/end + 30sec from move 1"]
[WhiteFideId "2815770"]
[BlackFideId "6300545"]
[WhiteElo "2428"]
[BlackElo "2608"]

1. d4 d5 2. c4 c6 3. Nf3 Nf6 4. e3 Bf5 5. Nc3 e6 6. Nh4 Bg6 7. Nxg6 hxg6 8. Bd2 Nbd7 9. Qc2 Qc7 10.
cxd5 exd5 11. h4 Bb4 12. O-O-O g5 13. g3 O-O-O 14. Be2 Bxc3 15. Bxc3 Ne4 16. Be1 f5 17. Rg1 g4 18. Kb1 Rh6 19.
Rd3 Kb8 20. Ra3 g5 21. hxg5 Rh2 22. Qa4 b6 23. Bd3 Rg8 24. Bxe4 fxe4 25. Bb4 Rg6 26. Rf1 a5 27. Be1 Rxg5 28.
Qb3 Qb7 29. Qd1 Qa6 30. Bb4 Kc7 31. Be7 Rf5 32. Rc3 Rfxf2 33. Rxf2 Rxf2 34. Qa4 Rf1+ 35. Kc2 Rf2+ 36. Kb1 Rf1+ 37. Kc2 Nb8 38. a3 Qe2+ 39. Kb3 Qd1+ 40.
Rc2 Rf2 0-1

[Event "IV Elllobregat Open Chess Tmnt"]
[Site "Sant Boi de Llobregat, Spain"]
[Date "2023.12.03"]
[Round "4.19"]
[White "Pultinevicius, Paulius"]
[Black "Golubka, Petro"]
[Result "1-0"]
[TimeControl "90min/40moves + 15min/end + 30sec from move 1"]
[WhiteFideId "12809390"]
[BlackFideId "14114224"]
[WhiteElo "2589"]
[BlackElo "2419"]

1. d4 Nf6 2. c4 e6 3. Nf3 a6 4. Bf4 b5 5. e3 Bb4+ 6. Nbd2 bxc4 7. Bxc4 O-O 8. Rc1 Bb7 9. O-O Bd6 10.
Bg5 h6 11. Bh4 Be7 12. Bd3 Nc6 13. a3 Nh5 14. Bxe7 Nxe7 15. Nb3 Bxf3 16. Qxf3 Nf6 17. Na5 c6 18. b4 Ne8 19. Rc5 Nd6 20.
Rb1 f5 21. Qe2 Nb5 22. a4 Nc7 23. Rcc1 Ned5 24. Qd2 Rb8 25. Rc5 Qe7 26. Rb3 Nb6 27. Qa2 Nbd5 28. Qa3 e5 29. dxe5 Rxb4 30.
Rc1 Rxb3 31. Qxe7 Nxe7 32. Nxb3 f4 33. Nc5 fxe3 34. fxe3 Ned5 35. e4 Nf4 36. Bc4+ Kh7 37. Nxd7 Re8 38.
g3 Nfe6 39. Bxe6 Nxe6 40. Rxc6 Ng5 41. Rxa6 Nxe4 42. Rc6 Ng5 43. Kg2 Rd8 44. h4 Rxd7 45. hxg5 hxg5 46. e6 Rd2+ 47. Kf3 Kg6 48.
e7+ Kf7 49. Re6 Ke8 50. a5 Rd4 51. a6 g4+ 52. Ke2 Ra4 53. Ke3 Rb4 54. Kd3 Rb3+ 55. Kc4 Rxg3 56. Kb4 Rg2 57. Re3 Rb2+ 58.
Rb3 Ra2 59. Ra3 Rb2+ 60. Kc5 Rc2+ 61. Kd6 Rd2+ 62. Ke5 Re2+ 63. Kf4 1-0

[Event "IV Elllobregat Open Chess Tmnt"]
[Site "Sant Boi de Llobregat, Spain"]
[Date "2023.12.03"]
[Round "4.20"]
[White "Martinez Fernandez, Adrian"]
[Black "Laurusas, Tomas"]
[Result "0-1"]
[TimeControl "90min/40moves + 15min/end + 30sec from move 1"]
[WhiteFideId "32049048"]
[BlackFideId "12803731"]
[WhiteElo "2405"]
[BlackElo "2566"]

1. e4 c5 2. Nf3 e6 3. d4 cxd4 4. Nxd4 a6 5. Bd3 Qc7 6. O-O Nf6 7. Qe2 d6 8. c4 g6 9. Nc3 Bg7 10.
Be3 O-O 11. Rad1 Nc6 12. Nxc6 bxc6 13. h3 c5 14. f4 Bb7 15. Qf2 Nd7 16. f5 Rae8 17. Kh1 Re7 18. Bb1 Be5 19. Bh6 Rfe8 20.
fxe6 fxe6 21. Rd3 Bg7 22. Bxg7 Kxg7 23. Rf3 Ne5 24. Rf8 Rf7 25. Rxf7+ Qxf7 26. Qxf7+ Nxf7 27. Kg1 Ne5 28. b3 g5 29.
Rd1 Rd8 30. Na4 Nf7 31. Kf2 Bc6 32. Nb2 h6 33. Ke3 Kf6 34. Nd3 a5 35. Bc2 Ra8 36. g3 Ke7 37. Rb1 h5 38. Rg1 Rh8 39.
Bd1 h4 40. Bg4 hxg3 41. Rxg3 a4 42. bxa4 Bxa4 43. e5 Nxe5 44. Nxe5 dxe5 45. Ke4 Rf8 46. Kxe5 Rf1 47. Re3 Bd7 48. Ke4 Ra1 49. a3 Ra2 50.
Rb3 Bc6+ 51. Ke5 Rc2 52. Re3 Bd7 53. Be2 Bc8 54. Bf1 Rc1 55. Be2 Ba6 56. Re4 Rc3 57. a4 Bb7 0-1

[Event "IV Elllobregat Open Chess Tmnt"]
[Site "Sant Boi de Llobregat, Spain"]
[Date "2023.12.03"]
[Round "4.21"]
[White "Fernandez Borrego, Pablo"]
[Black "Sosa, Tomas"]
[Result "0-1"]
[TimeControl "90min/40moves + 15min/end + 30sec from move 1"]
[WhiteFideId "2258285"]
[BlackFideId "121576"]
[WhiteElo "2409"]
[BlackElo "2558"]

1. e4 e5 2. Nf3 Nc6 3. d4 exd4 4. Nxd4 Bc5 5. Nb3 Bb6 6. Nc3 Qf6 7. f4 Nge7 8. Qf3 Nb4 9. Bd3 d5 10.
Be3 Bg4 11. Qf2 dxe4 12. Bxe4 Bxe3 13. Qxe3 Qe6 14. Nd4 Qb6 15. h3 O-O-O 16. hxg4 Rxd4 17. Na4 Qe6 18. Bxb7+ Kb8 19. Qxe6 Nxc2+ 20. Ke2 fxe6 21. Nc5 Nxa1 22. Rxa1 Rc4 23. Nb3 Rc2+ 24. Kd3 Rxb2 25. Bf3 Rd8+ 26. Kc3 Rf2 27. Nc5 Nd5+ 28. Kd4 Nb6+ 29.
Ke3 Rfd2 30. Nxe6 Nc4+ 31. Ke4 R8d5 32. f5 g5 33. fxg6 hxg6 34. Kf4 Rd6 35. Rh1 c6 36. Rh8+ Kb7 37.
Nc5+ Kb6 38. Ne4 R2d4 39. Kg5 Re6 40. Nf6 Rdd6 41. Rb8+ Ka5 42. Rf8 Ne5 43. Ne4 Rd5 44. Kf4 Nxf3 45.
gxf3 Kb4 46. Rb8+ Rb5 47. Rd8 Ka3 48. Rd2 Rb2 49. Rd7 a5 50. Nc5 Rf6+ 51. Kg5 Rxf3 52. Kxg6 Kxa2 53. g5 Rb5 54.
Rd2+ Kb1 55. Ne4 Re3 56. Rd4 Rb4 57. Nd2+ Kc2 58. Nc4 Rc3 0-1

[Event "IV Elllobregat Open Chess Tmnt"]
[Site "Sant Boi de Llobregat, Spain"]
[Date "2023.12.03"]
[Round "4.22"]
[White "Muradli, Mahammad"]
[Black "Fiorito, Joaquin"]
[Result "1-0"]
[TimeControl "90min/40moves + 15min/end + 30sec from move 1"]
[WhiteFideId "13409301"]
[BlackFideId "180173"]
[WhiteElo "2550"]
[BlackElo "2398"]

1. c4 Nf6 2. g3 e6 3. Bg2 d5 4. Nf3 d4 5. O-O c5 6. e3 Nc6 7. exd4 cxd4 8. d3 Bd6 9. Bg5 h6 10.
Bxf6 Qxf6 11. Nbd2 O-O 12. a3 a5 13. Ne4 Qe7 14. Nxd6 Qxd6 15. Rc1 e5 16. c5 Qc7 17. Nd2 Be6 18.
Nc4 f5 19. Re1 Bxc4 20. Rxc4 Rae8 21. Rc1 Kh8 22. Qb3 e4 23. dxe4 f4 24. e5 f3 25. Bxf3 Nxe5 26. Bg2 d3 27.
Re4 Rd8 28. Qc3 Nf3+ 29. Bxf3 Rxf3 30. Rd1 Qf7 31. Rd2 Rf8 32. Qd4 Qf5 33. Re7 Qg5 34. Rxb7 Rd8 35. Qc3 Rff8 36. h4 Qg4 37. Rxd3 Rde8 38.
Rd6 Rf3 39. Rd3 Rf6 40. Rb6 Rfe6 41. Rxe6 Rxe6 42. Rd8+ Kh7 43. Qd3+ 1-0

[Event "IV Elllobregat Open Chess Tmnt"]
[Site "Sant Boi de Llobregat, Spain"]
[Date "2023.12.03"]
[Round "4.23"]
[White "Vetokhin, Savva"]
[Black "Arizmendi Martinez, Julen Luis"]
[Result "1-0"]
[TimeControl "90min/40moves + 15min/end + 30sec from move 1"]
[WhiteFideId "44144474"]
[BlackFideId "2205092"]
[WhiteElo "2403"]
[BlackElo "2525"]

1. d4 Nf6 2. c4 e6 3. Nf3 d5 4.
Nc3 a6 5. cxd5 exd5 6. Bg5 Be6 7. e3 Nbd7 8. Bd3 Bd6 9. O-O O-O 10. Qc2 Qb8 11. h3 h6 12. Bf4 c6 13. Qd2 Nh5 14.
Ne2 Re8 15. Bxd6 Qxd6 16. Nf4 Nxf4 17. exf4 Nf6 18. Rfe1 c5 19. dxc5 Qxc5 20. Nd4 Bd7 21. Re5 Re7 22. Qe3 Ree8 23.
Qd2 Kf8 24. Qe3 Kg8 25. Re1 Qb4 26. b3 Rad8 27. Bb1 a5 28. Rd1 Rc8 29. Bf5 Kf8 30. Nc2 Qc5 31. Rxe8+ Nxe8 32. Bxd7 Qxc2 33.
Re1 1-0

[Event "IV Elllobregat Open Chess Tmnt"]
[Site "Sant Boi de Llobregat, Spain"]
[Date "2023.12.03"]
[Round "4.24"]
[White "Ootes, Lars"]
[Black "Pranav, Anand"]
[Result "0-1"]
[TimeControl "90min/40moves + 15min/end + 30sec from move 1"]
[WhiteFideId "1019708"]
[BlackFideId "46626786"]
[WhiteElo "2389"]
[BlackElo "2520"]

1. e4 c5 2. Nf3 d6 3. d4 cxd4 4. Nxd4 Nf6 5. Nc3 a6 6. Bg5 Nbd7 7. Bc4 Qb6 8. Bb3 e6 9. Qd2 Be7 10.
O-O-O Nc5 11. Rhe1 h6 12. Bh4 O-O 13. g3 Qc7 14. f4 Re8 15. g4 Nfxe4 16. Nxe4 Bxh4 17. Re2 Be7 18. g5 Nxe4 19.
Rxe4 d5 20. Re2 Bd6 21. Rf1 hxg5 22. fxg5 Bd7 23. g6 Re7 24. Qg5 fxg6 25. Bxd5 Rf8 26. Rxf8+ Kxf8 27. Rf2+ Rf7 28. Rxf7+ Kxf7 29.
Bxe6+ Bxe6 30. Nxe6 Kxe6 31. Qxg6+ Kd5 32. Qg2+ Kc5 33. Qf2+ Kc6 34. c4 Qe7 0-1

[Event "IV Elllobregat Open Chess Tmnt"]
[Site "Sant Boi de Llobregat, Spain"]
[Date "2023.12.03"]
[Round "4.25"]
[White "Pranesh, M"]
[Black "Laddha, Shubh Jayesh"]
[Result "1-0"]
[TimeControl "90min/40moves + 15min/end + 30sec from move 1"]
[WhiteFideId "35028600"]
[BlackFideId "30942799"]
[WhiteElo "2519"]
[BlackElo "2373"]

1. e4 e5 2. Nf3 Nc6 3. Bb5 a6 4. Ba4 Nf6 5. O-O Be7 6. Re1 b5 7. Bb3 O-O 8. a4 b4 9. d4 d6 10.
dxe5 Nxe5 11. Nxe5 dxe5 12. Nd2 Bc5 13. h3 h6 14. Qf3 Bb7 15. Nf1 Nh7 16. Ng3 Qf6 17. Qe2 Rfd8 18. Be3 Bxe3 19.
Qxe3 Ng5 20. f3 Ne6 21. Bxe6 Qxe6 22. Nf5 Qb6 23. Qxb6 cxb6 24. a5 b5 25. Rad1 Kf8 26. b3 h5 27.
Rxd8+ Rxd8 28. Ne3 Bc6 29. Rd1 Rc8 30. Rd2 g6 31. g4 hxg4 32. Nxg4 Re8 33. Rd6 Bb7 34. Rb6 Re7 35. Nf2 Kg7 36.
Nd3 f5 37. Nc5 Bc8 38. Rc6 Bb7 39. Rb6 Bc8 40. Nd3 Bb7 41. Nxb4 fxe4 42. fxe4 Bxe4 43. Nxa6 Bxc2 44. Nc5 Ra7 45.
a6 Kh6 46. Rxb5 e4 47. Kf2 Bd3 48. Rb7 Ra8 49. a7 Rf8+ 50. Ke3 Ra8 51. Nxd3 exd3 52. Kxd3 1-0

[Event "IV Elllobregat Open Chess Tmnt"]
[Site "Sant Boi de Llobregat, Spain"]
[Date "2023.12.03"]
[Round "4.26"]
[White "Prraneeth, Vuppala"]
[Black "Fiorito, Francisco"]
[Result "1-0"]
[TimeControl "90min/40moves + 15min/end + 30sec from move 1"]
[WhiteFideId "46622373"]
[BlackFideId "180165"]
[WhiteElo "2512"]
[BlackElo "2370"]

1. e4 e6 2. d4 d5 3. Nc3 dxe4 4. Nxe4 Nd7 5. g3 Ngf6 6. Nxf6+ Nxf6 7. Bg2 c5 8. Ne2 cxd4 9. Qxd4 Qa5+ 10.
Bd2 Qf5 11. O-O Bc5 12. Qf4 Qxf4 13. Bxf4 Nd5 14. Be5 f6 15. Bd4 Bxd4 16. Nxd4 Nc7 17. Rfe1 Kf7 18. c4 Rb8 19. a4 Rd8 20.
Nb5 Nxb5 21. axb5 a6 22. b6 Bd7 23. c5 Rdc8 24. Rad1 Bc6 25. Bxc6 Rxc6 26. Rd7+ Kg6 27. b4 e5 28.
Rc1 h5 29. Re7 Kh6 30. Kg2 g6 31. h4 g5 32. Kf3 g4+ 33. Ke4 Kg6 34. Rc2 Rcc8 35. Rd2 Rd8 36. Rxd8 Rxd8 37. Rxb7 Rd4+ 38.
Ke3 Rxb4 39. c6 Rb3+ 1-0

[Event "IV Elllobregat Open Chess Tmnt"]
[Site "Sant Boi de Llobregat, Spain"]
[Date "2023.12.03"]
[Round "4.27"]
[White "Bharath, Subramaniyam H"]
[Black "Suyarov, Mukhammadzokhid"]
[Result "1-0"]
[TimeControl "90min/40moves + 15min/end + 30sec from move 1"]
[WhiteFideId "46634827"]
[BlackFideId "14210495"]
[WhiteElo "2504"]
[BlackElo "2359"]

1. d4 e6 2. Bf4 Nf6 3. e3 c5 4. Nf3 Nc6 5. Nbd2 d5 6. c3 Be7 7. Ne5 Qb6 8. Rb1 Nd7 9. Nxd7 Bxd7 10.
Bd3 O-O 11. O-O f5 12. Nf3 Be8 13. Be2 Bh5 14. h3 a6 15. Ne1 Bxe2 16. Qxe2 Qa5 17. a3 c4 18. g4 Qd8 19. Kh1 h6 20.
Rg1 Kh7 21. g5 g6 22. gxh6 g5 23. Qh5 Qe8 24. Qxe8 Raxe8 25. Bxg5 Bxg5 26. Rxg5 f4 27. Ng2 fxe3 28. Nxe3 Rxf2 29.
Rg7+ Kh8 30. Ng4 Rf5 31. Rxb7 Ne7 32. Ne5 Kh7 33. Nc6 Rf7 34. Re1 Kxh6 35. Ne5 Rff8 36. Nd7 Rf2 37. Rxe6+ Kg5 38.
Ne5 1-0

[Event "IV Elllobregat Open Chess Tmnt"]
[Site "Sant Boi de Llobregat, Spain"]
[Date "2023.12.03"]
[Round "4.28"]
[White "Begmuratov, Khumoyun"]
[Black "Madaminov, Mukhiddin"]
[Result "1/2-1/2"]
[TimeControl "90min/40moves + 15min/end + 30sec from move 1"]
[WhiteFideId "14210207"]
[BlackFideId "14210703"]
[WhiteElo "2371"]
[BlackElo "2494"]

1. e4 c5 2. Nf3 d6 3. d4 cxd4 4. Nxd4 Nf6 5. Nc3 Nc6 6. f3 e5 7. Nb3 Be7 8. Be3 O-O 9. Qd2 Be6 10. Nd5 a5 11. Bb6 Qd7 12. Bb5 Bd8 13. Bxa5 Rxa5 14. Bxc6 bxc6 15. Nxf6+ gxf6 16. Nxa5 Bb6 17. Rd1 Qa7 18. Nxc6 Qxa2 19. Qh6 Re8 20. Qxf6 Qxb2 21. Qg5+ Kf8 22. Qh6+ Kg8 23. Qg5+ Kf8 24. Qh6+ Kg8 1/2-1/2

[Event "IV Elllobregat Open Chess Tmnt"]
[Site "Sant Boi de Llobregat, Spain"]
[Date "2023.12.03"]
[Round "4.29"]
[White "Velten, Paul"]
[Black "Anand, Batsukh"]
[Result "1/2-1/2"]
[TimeControl "90min/40moves + 15min/end + 30sec from move 1"]
[WhiteFideId "681091"]
[BlackFideId "4903510"]
[WhiteElo "2489"]
[BlackElo "2369"]

1. d4 Nf6 2. c4 e6 3. Nf3 d5 4. Nc3 Be7 5. Bg5 h6 6. Bh4 Nbd7 7. e3 O-O 8. cxd5 Nxd5 9. Bxe7 Qxe7 10.
Rc1 Nxc3 11. Rxc3 c5 12. Bb5 cxd4 13. Qxd4 Nf6 14. Qh4 Bd7 15. Bxd7 1/2-1/2

[Event "IV Elllobregat Open Chess Tmnt"]
[Site "Sant Boi de Llobregat, Spain"]
[Date "2023.12.03"]
[Round "4.30"]
[White "Rakhmatullaev, Almas"]
[Black "Koellner, Ruben Gideon"]
[Result "1-0"]
[TimeControl "90min/40moves + 15min/end + 30sec from move 1"]
[WhiteFideId "14205793"]
[BlackFideId "12993093"]
[WhiteElo "2383"]
[BlackElo "2488"]

1. e4 d6 2. d4 Nf6 3. Nc3 e5 4. Nf3 Nbd7 5. Bc4 Be7 6. a4 O-O 7. O-O c6 8. h3 b6 9. Qe2 a6 10.
Rd1 Qc7 11. d5 cxd5 12. Bxd5 Rb8 13. Bc4 Ra8 14. Bd5 Bb7 15. Bxb7 Qxb7 16. Bg5 h6 17. Bxf6 Nxf6 18. Nh2 h5 19.
Nf1 Rac8 20. Qd3 Rc5 21. Ne3 Rfc8 22. Ra3 Bf8 23. Rb3 R5c6 24. Ned5 Nd7 25. Qf3 g6 26. g4 hxg4 27. Qxg4 Kg7 28.
Ne2 Nf6 29. Nxf6 Kxf6 30. Rf3+ Ke7 31. Nc3 Rxc3 32. Rxc3 Rxc3 33. bxc3 Qc6 34. Rb1 Kf6 35. Qf3+ Kg7 36. Rb4 a5 37.
Rb5 Qc4 38. Rxb6 Qxa4 39. Rb7 Qa2 40. Qd3 Qa1+ 41. Kg2 Qc1 42. h4 Qf4 43. Qf3 1-0